 Dungeon Crawl Stone Soup version 0.20-a0-1089-g3fde505 (webtiles) character file.

5770 4thArraOfDagon the Martial Artist (level 10, -9/80 HPs)
             Began as a Barachi Monk on May 2, 2017.
             Was a Priest of Wu Jian.
             Mangled by a troll (13 damage)
             ... on level 12 of the Dungeon.
             The game lasted 00:19:22 (3894 turns).

4thArraOfDagon the Martial Artist (Barachi Monk)    Turns: 3894, Time: 00:19:23

Health: -9/80      AC: 10    Str: 12    XL:     10   Next: 78%
Magic:  9/9        EV:  9    Int: 13    God:    Wu Jian [***...]
Gold:   362        SH:  0    Dex: 16    Spells: 7/9 levels left

rFire    . . .     SeeInvis .     - Unarmed
rCold    . . .     Gourm    .   (no shield)
rNeg     . . .     Faith    .   d - +0 chain mail
rPois    .         Spirit   .   (no helmet)
rElec    .         Reflect  .   (no cloak)
rCorr    .         Harm     .   (no gloves)
MR       .....                  n - +1 pair of boots
Stlth    ..........             (no amulet)
Regen    0.3/turn               m - ring of wizardry
MPRegen  0.2/turn               (no ring)

@: slow
A: +LOS, swims, low mp 1, slowness 1, strong legs 1
a: Hop, Renounce Religion


You were on level 12 of the Dungeon.
You worshipped Wu Jian.
Wu Jian was most pleased with you.
You were not hungry.

You visited 1 branch of the dungeon, and saw 13 of its levels.

You collected 362 gold pieces.

Inventory:

Armour
 a - a +0 robe
 d - a +0 chain mail (worn)
 n - a +1 pair of boots (worn)
Jewellery
 m - a ring of wizardry (left hand)
Wands
 h - a wand of lightning (0/15)
 s - a wand of flame (0/48)
 t - a wand of acid (0/15)
Scrolls
 c - a scroll of enchant weapon
 e - a scroll of immolation
 g - 3 scrolls of remove curse
Books
 j - a book of Air

   Spells                             Type                      Level
   a - Shock                          Conjuration/Air              1
   b - Swiftness                      Charms/Air                   2
   c - Static Discharge               Conjuration/Air              3
   d - Airstrike                      Air                          4
   e - Lightning Bolt                 Conjuration/Air              5
Comestibles
 b - 3 bread rations
 k - a royal jelly
 o - 4 meat rations


   Skills:
 - Level 8.0 Fighting
 + Level 9.7 Dodging
 - Level 1.7 Stealth
 * Level 13.1 Unarmed Combat


You had 7 spell levels left.
You knew the following spells:

 Your Spells              Type           Power        Failure   Level  Hunger
a - Swiftness             Chrm/Air       #.......     100%        2    ###....


Dungeon Overview and Level Annotations

Branches:
Dungeon (13/15)
 Temple: D:4-7         Lair: D:8-11         Orc: D:9-12      Vaults: D:13-14

Altars:
Cheibriados
Elyvilon
Okawaru
Trog
Wu Jian

Shops:
D:12 :%}

Annotations:
D:4 Ijyb


Innate Abilities, Weirdness & Mutations

Shadows flee at your approach. (+LOS)
You can swim through water.
You cover ground slowly.
You can hop short distances.
Your magical capacity is low. (-10% MP)


Message History

You kill the centaur!
The Council accepts your kill. The centaur hits you.
* * * LOW HITPOINT WARNING * * *
Unknown command.
Unknown command.
You spin and attack the centaur repeatedly.
You hit the centaur but do no damage.
The centaur is severely wounded.
You hit the centaur.
The centaur is almost dead.
The centaur barely misses you.
The centaur hits you but does no damage.
Unknown command.
Unknown command.
You spin and attack the centaur.
You pummel the centaur!!
You kill the centaur!
The Council accepts your kill. The troll bites you!
You die...

*.c## #.* ##T###### **.c# #.*
#........ ####o## ###.#####
#........ #..o..#
#.......######........
#...((######.......##..$)(.......
#..<.()...##.......##T###(.(.....
#....(###..........#..# #.(...(..
#..)..# *###.....).#.## #.......<
#.....# #....@T.(.# #........
####### #.......### #########
#########


You could see a troll.

Vanquished Creatures
  5 two-headed ogres
  2 hungry ghosts
  A black bear (D:12)
  An orc warrior (D:12)
  A necrophage (D:9)
  An ice beast (D:12)
  3 sky beasts
  A phantom (D:9)
  5 centaurs (D:12)
  5 bullfrogs
  2 scorpions
  A centaur zombie (D:12)
  2 crimson imps
  2 bullfrog zombies
  3 orc wizards
  A centaur skeleton (D:7)
  A bullfrog skeleton (D:6)
  2 orc priests
  2 worker ants
  A killer bee zombie (D:6)
  A hound zombie (D:11)
  A howler monkey skeleton (D:5)
  6 adders
  3 shadow imps
  An ooze (D:3)
  An adder zombie (D:5)
  3 worms
  A dart slug (D:1)
  A leopard gecko (D:5)
  10 orcs
  A bat (D:1)
  4 giant cockroaches
  2 hobgoblins (D:1)
  6 jackals
  A ball python (D:7)
  A frilled lizard (D:2)
  2 goblins (D:2)
  A kobold (D:3)
  2 quokka skeletons (D:5)
  3 rats
93 creatures vanquished.

Vanquished Creatures (collateral kills)
  A two-headed ogre (D:12)
  A wind drake (shapeshifter) (D:12)
  An iguana (D:12)
3 creatures vanquished.

Vanquished Creatures (others)
  A hound (D:11)
1 creature vanquished.

Grand Total: 97 creatures vanquished

Notes
Turn   | Place    | Note
-------+----------+-------------------------------------------
     0 | D:1      | 4thArraOfDagon the Barachi Monk began the quest for the Orb.
     0 | D:1      | Reached XP level 1. HP: 18/18 MP: 1/1
   148 | D:1      | Reached XP level 2. HP: 25/25 MP: 2/2
   305 | D:2      | Reached XP level 3. HP: 29/30 MP: 3/3
   366 | D:3      | Found a white marble altar of Elyvilon.
   528 | D:3      | Reached skill level 4 in Unarmed Combat
   701 | D:4      | Noticed Ijyb
   708 | D:5      | Entered Level 5 of the Dungeon
   718 | D:5      | Reached XP level 4. HP: 23/38 MP: 4/4
   866 | D:5      | Noticed a sky beast
   969 | D:5      | Found an ornate altar of the Wu Jian Council.
   972 | D:5      | Became a worshipper of the Wu Jian Council
   972 | D:5      | Reached * piety under Wu Jian
   972 | D:5      | Reached ** piety under Wu Jian
   988 | D:5      | Killed a sky beast
   988 | D:5      | Reached skill level 5 in Fighting
   988 | D:5      | Reached skill level 5 in Unarmed Combat
   988 | D:5      | Reached XP level 5. HP: 43/44 MP: 5/5
  1018 | D:5      | Reached XP level 6. HP: 27/51 MP: 6/6
  1037 | D:5      | Found a snail-covered altar of Cheibriados.
  1047 | D:5      | :(
  1349 | D:6      | Reached skill level 6 in Unarmed Combat
  1451 | D:6      | Found an iron altar of Okawaru.
  1493 | D:7      | Noticed a sky beast
  1525 | D:7      | Killed a sky beast
  1525 | D:7      | Reached XP level 7. HP: 28/57 MP: 7/7
  1552 | D:7      | Reached skill level 5 in Dodging
  1595 | D:6      | Noticed a hungry ghost
  1640 | D:5      | Paralysed by fainting for 6 turns
  1651 | D:5      | Killed a hungry ghost
  1651 | D:5      | Reached skill level 7 in Unarmed Combat
  1831 | D:6      | Found a bloodstained altar of Trog.
  2037 | D:8      | Reached XP level 8. HP: 33/65 MP: 8/8
  2040 | D:8      | Gained mutation: Your magical capacity is low. (-10% MP) [mutagenic meat]
  2250 | D:9      | Reached skill level 8 in Unarmed Combat
  2328 | D:10     | Entered Level 10 of the Dungeon
  2335 | D:10     | Noticed a wraith
  2431 | D:10     | Noticed a komodo dragon
  2435 | D:10     | Noticed a wraith
  2505 | D:12     | Noticed a two-headed ogre
  2524 | D:12     | Killed a two-headed ogre
  2524 | D:12     | Reached skill level 9 in Unarmed Combat
  2524 | D:12     | Reached XP level 9. HP: 22/74 MP: 8/8
  2722 | D:11     | Noticed a two-headed ogre
  2731 | D:11     | Killed a two-headed ogre
  2731 | D:11     | Reached skill level 10 in Unarmed Combat
  2907 | D:12     | Found Xuaxte's Food Emporium.
  2910 | D:12     | Noticed a two-headed ogre
  2913 | D:13     | Found a snail-covered altar of Cheibriados.
  2913 | D:13     | Noticed a two-headed ogre
  2918 | D:13     | Killed a two-headed ogre
  2918 | D:13     | Reached skill level 11 in Unarmed Combat
  2918 | D:13     | Reached XP level 10. HP: 7/80 MP: 9/9
  3002 | D:12     | Learned a level 2 spell: Swiftness
  3014 | D:12     | Noticed a two-headed ogre
  3022 | D:12     | Killed a two-headed ogre
  3022 | D:12     | Killed a two-headed ogre
  3022 | D:12     | Reached skill level 12 in Unarmed Combat
  3051 | D:12     | Found Ninerhuiz's Gadget Emporium.
  3233 | D:12     | Reached *** piety under Wu Jian
  3423 | D:12     | Found Cyus's Book Shop.
  3486 | D:12     | Noticed a two-headed ogre
  3500 | D:12     | Killed a two-headed ogre
  3879 | D:12     | Reached skill level 13 in Unarmed Combat
  3891 | D:12     | HP: 4/80 [centaur (1)]
  3894 | D:12     | Mangled by a troll

Vault maps used:
D:1:      minmay_arrival_four_circles
D:2:      chequers_ecumenical_altar_simple, kennysheep_boxes
D:3:      old_standard_altar, minmay_distorted
D:4:      uniq_ijyb, uniq_sigmund, uniq_menkaure, uniq_grinder
D:5:      kennysheep_mini_moat, lemuel_crystal_altar, first_bread,
          nrook_mini_vaults, nrook_mini_backslash
D:6:      nicolae_overflow_hidden_temple, basic_altar
D:7:      temple_green, uniq_joseph
D:9:      serial_shops, shop, the_bakery
D:10:     lair_entry_dummy, zombieorc1_lemuel, nemelex_altar_shiori
D:11:     serial_shops, nicolae_shop_waterfront, hex_large,
          lemuel_nasty_fountain
D:12:     serial_shops, nicolae_shop_crystal, nicolae_shop_trees, shop, shop,
          shop
D:13:     basic_altar, serial_column_ruins, column_ruins_hut, column_ruins_hut,
          column_ruins_open_large, column_ruins_grid_2,
          column_ruins_open_medium, column_ruins_open_tiny, column_ruins_grid_1,
          uniq_kirke

Skill      XL: |  1  2  3  4  5  6  7  8  9 10 |
---------------+-------------------------------+-----
Fighting       | 4 5 6 8 |  8.0
Unarmed Combat | 4 5 6 7 9 11 13 | 13.1
Dodging        | 4 5 7 8 9 |  9.7
Stealth        | |  1.7

Action                   |  1- 3 |  4- 6 |  7- 9 | 10-12 || total
-------------------------+-------+-------+-------+-------++-------
Melee: Unarmed           |    87 |   190 |   185 |   108 ||   570
       Punch             |       |     2 |     1 |     4 ||     7
 Abil: Hop               |       |     1 |     1 |     1 ||     3
Evoke: Wand              |       |       |    17 |     1 ||    18
  Use: Potion            |     2 |     7 |     2 |     3 ||    14
       Scroll            |       |     6 |     3 |     5 ||    14
  Eat: Royal jelly       |       |     1 |       |     2 ||     3
       Chunk             |       |     1 |     6 |     2 ||     9
       Meat ration       |       |       |     1 |       ||     1
       Bread ration      |       |       |     1 |       ||     1
       Fruit             |       |       |       |    11 ||    11
Armor: Robe              |     2 |       |       |       ||     2
       Chain mail        |    34 |   171 |    91 |    43 ||   339
Dodge: Dodged            |    23 |    73 |    64 |    37 ||   197
